 Dungeon Crawl Stone Soup version 0.29.1-1-gd02db6906a (webtiles) character file.

Game seed: 6387660304147563365

34 Kold the Trooper (level 3, -1/29 HPs)
             Began as a Demonspawn Cinder Acolyte on Oct 19, 2022.
             Was a High Priest of Ignis.
             Slain by Natasha (8 damage)
             ... on level 2 of the Dungeon.
             The game lasted 00:01:37 (1515 turns).

Kold the Trooper (Demonspawn Cinder Acolyte)        Turns: 1515, Time: 00:01:37

Health: -1/29      AC:  2    Str: 14    XL:     3   Next: 14%
Magic:  5/5        EV: 11    Int: 15    God:    Ignis [*****.]
Gold:   28         SH:  0    Dex: 10    Spells: 4/4 levels left

rFire   + . .      SeeInvis .     - Unarmed
rCold   . . .      Faith    .   (no shield)
rNeg    . . .      Spirit   .   a - +0 robe
rPois   .          Reflect  .   (no helmet)
rElec   .          Harm     .   (no cloak)
rCorr   .          Rampage  .   (no gloves)
Will    .....                   (no boots)
Stlth   +.........              (no amulet)
HPRegen 0.09/turn               (no ring)
MPRegen 0.09/turn               (no ring)

@: no status effects
A: ignite blood 1, demonic touch 1
a: Renounce Religion, Fiery Armour, Foxfire Swarm, Rising Flame


You were on level 2 of the Dungeon.
You worshipped Ignis.
Ignis was extremely pleased with you.
You visited 1 branch of the dungeon, and saw 2 of its levels.

You collected 28 gold pieces.

Inventory:

Armour
 a - a +0 robe (worn)
Jewellery
 f - a ring of poison resistance
Scrolls
 g - a scroll of identify {unknown}
 h - a scroll of poison {unknown}
Potions
 b - a potion of degeneration {unknown}
 c - a potion of mutation {unknown}
 d - a potion of curing {unknown}
 e - a potion of might {unknown}


   Skills:
 + Level 3.3 Fighting
 * Level 3.2 Unarmed Combat
 - Level 1.4 Spellcasting
 - Level 3.0 Fire Magic


You had 4 spell levels left.
You didn't know any spells.
Your spell library contained the following spells:

 Spells                   Type           Power      Damage    Failure   Level
 Scorch                   Fire           20%        2d6       11%         2


Dungeon Overview and Level Annotations

Branches:
Dungeon (2/15)

Altars:

Annotations:
D:2 Natasha


Innate Abilities, Weirdness & Mutations

Your demonic aura sometimes causes spilled blood to erupt in flames.
Your touch may inflict minor irresistible damage on your foes.


Message History

Activating: Foxfire Swarm
Press: ? - help, Dir - look around, f - activate Flames leap up around you!
The crimson imp barely misses you.
The foxfire hits the kobold.
You kill the kobold!
Natasha barely misses you.
You closely miss Natasha. Your touch misses Natasha.
The foxfire hits the crimson imp.
The crimson imp completely resists.
The foxfire hits Natasha.
Natasha is moderately wounded.
The foxfire hits Natasha.
Natasha is moderately wounded.
The foxfire hits Natasha.
Natasha is heavily wounded.
The foxfire hits Natasha but does no damage.
Natasha is heavily wounded.
The foxfire hits the crimson imp.
The crimson imp completely resists.
The foxfire hits Natasha.
Natasha is heavily wounded.
The foxfire hits the crimson imp.
The crimson imp completely resists.
The foxfire hits the crimson imp but does no damage.
The foxfire hits Natasha.
Natasha is almost dead.
The foxfire hits the crimson imp.
The crimson imp completely resists.
The foxfire hits the crimson imp.
The crimson imp completely resists.
The crimson imp hits you but does no damage.
The foxfire hits the crimson imp.
The crimson imp completely resists.
The foxfire hits Natasha but does no damage.
Natasha is almost dead.
The foxfire hits the crimson imp.
The crimson imp completely resists.
Natasha claws you but does no damage.
You hit Natasha but do no damage.
Natasha is almost dead.
The foxfire hits Natasha but does no damage.
Natasha is almost dead.
The foxfire hits the crimson imp but does no damage.
The crimson imp hits you.
* * * LOW HITPOINT WARNING * * *
Natasha claws you!
You die...

...........#
.............#
.............#
.............#
.............#
.............##########
.....§§§§§..............
......).§§.............
......5@§§.............
###...h.#####..........
....)...§.......######
......#########'######
...... #....†......###
...##. +..............
... # #...........### ..
#...........#
#...........###


You could see Natasha and a crimson imp (summoned).

Vanquished Creatures
  2 dart slugs
  2 endoplasms
  3 giant cockroaches
  A goblin (D:2)
  3 hobgoblins
  A quokka (D:1)
  2 ball pythons (D:1)
  3 bats (D:1)
  3 frilled lizards (D:1)
  4 kobolds
  5 rats
29 creatures vanquished.

Vanquished Creatures (others)
  17 foxfires (D:2)
17 creatures vanquished.

Grand Total: 46 creatures vanquished

Notes
Turn   | Place    | Note
-------+----------+-------------------------------------------
     0 | D:1      | Kold the Demonspawn Cinder Acolyte began the quest for the
                  | Orb.
     0 | D:1      | Reached XP level 1. HP: 18/18 MP: 2/2
   503 | D:1      | Discovered your monstrous ancestry.
   503 | D:1      | Gained mutation: Your touch may inflict minor irresistible
                  | damage on your foes. [demonic ancestry]
   503 | D:1      | Reached XP level 2. HP: 17/24 MP: 3/3
  1391 | D:2      | Gained mutation: Your demonic aura sometimes causes spilled
                  | blood to erupt in flames. [demonic ancestry]
  1391 | D:2      | Reached XP level 3. HP: 23/29 MP: 5/5
  1508 | D:2      | Noticed Natasha
  1515 | D:2      | Slain by Natasha

Illustrated notes

Levels and vault maps discovered:
D:1:      ebering_trefoil_3fold, layout_basic
D:2:      layout_basic, uniq_natasha

Skill      XL: |  1  2 |
---------------+-------+-----
Fire Magic     | 3 |  3.0
Unarmed Combat | 3 |  3.2
Fighting       | |  3.3
Spellcasting   | |  1.4

Action                   || total
-------------------------++-------
Melee: Unarmed           ||   112
       Punch             ||     1
       Touch             ||    10
Invok: Fiery Armour      ||     2
       Foxfire Swarm     ||     1
Armor: Robe              ||    38
Dodge: Dodged            ||    85
